 Dungeon Crawl Stone Soup version 0.31-a0-516-gfcb59812bd (webtiles) character file.

Game seed: 12125893349940392772

82 Ethylacetat the Ducker (level 4, -2/30 HPs)
             Began as an Octopode Gladiator on Aug 10, 2023.
             Killed from afar by Ijyb (11 damage)
             ... with a puff of flame
             ... on level 3 of the Dungeon.
             The game lasted 00:02:30 (1782 turns).

Ethylacetat the Ducker (Octopode Gladiator)         Turns: 1782, Time: 00:02:30

Health: -2/30      AC:  1    Str: 10 (13) XL:     4   Next: 43%
Magic:  4/4        EV: 15    Int:  7 (10) God:
Gold:   69         SH:  0    Dex: 19 (21) Spells: 3/3 levels left

rFire   . . .        k - +2 dagger (speed)
rCold   . . .        (no shield)
rNeg    . . .        b - +0 hat
rPois   .            (no amulet)
rElec   .            j - +6 ring of dexterity
rCorr   .            (no ring)
SInv    .            (no ring)
Will    .....        (no ring)
Stlth   +++          (no ring)
HPRegen 0.25/turn    (no ring)
MPRegen 0.09/turn    (no ring)
                     (no ring)

%: no passive effects
@: invisible
A: almost no armour, amphibious, 8 rings, camouflage 1, gelatinous body 1,
(nimble swimmer 1), tentacles
a: no special abilities


You were on level 3 of the Dungeon.
You visited 1 branch of the dungeon, and saw 3 of its levels.

You collected 69 gold pieces.

Inventory:

Hand Weapons
 k - a +2 dagger of speed (weapon)
Missiles
 c - 3 throwing nets (quivered)
 d - a javelin
Armour
 b - a +0 hat (worn)
Jewellery
 j - a +6 ring of dexterity (left tentacle)
Talismans
 h - a dragon-blood talisman
Scrolls
 e - a scroll of noise {unknown}
 l - 2 scrolls of identify {unknown}
 n - a scroll of enchant armour {unknown}
Potions
 g - a potion of enlightenment


   Skills:
 + Level 2.7 Fighting
 - Level 3.4 Long Blades
 - Level 2.0 Throwing
 + Level 3.5 Dodging
 + Level 2.5 Stealth
 * Level 1.0 Shapeshifting


You had 3 spell levels left.
You didn't know any spells.
Your spell library was empty.

Dungeon Overview and Level Annotations

Branches:
Dungeon (3/15)

Altars:

Shops:
D:1 [

Annotations:
D:3 Ijyb


Innate Abilities, Weirdness & Mutations

You cannot wear most types of armour.
You are amphibious.
You can wear up to eight rings at the same time.
Your skin changes colour to match your surroundings (Stealth+).
Your rubbery body absorbs attacks. (AC +1, EV +1)
((You are camouflaged when in or above water. (Stealth+)))
You have tentacles for arms and can constrict up to eight enemies at once.


Message History

You hit the hobgoblin. You grab the hobgoblin. You squeeze the hobgoblin.
You kill the hobgoblin!
A hobgoblin comes into view.
Found a green potion.
The hobgoblin shouts!
You hit Ijyb but do no damage. You grab Ijyb.
You constrict Ijyb, but do no damage.
Ijyb zaps a wand.
The puff of flame hits you!
You are too injured to fight recklessly!
You are too injured to fight recklessly!
It was a potion of enlightenment.
You feel very buoyant.
You fly up into the air.
You constrict Ijyb, but do no damage. Ijyb closely misses you.
It was a potion of curing.
You feel better.
You constrict Ijyb.
Ijyb zaps a wand.
The puff of flame misses you.
It was a potion of degeneration.
There was something very wrong with that liquid.
You feel weakened.
You feel dopey.
You feel clumsy.
You constrict Ijyb, but do no damage. Ijyb hits you with a +0 dagger.
It was a potion of cancellation.
Your magical effects are unravelling.
You feel magically purged.
You float gracefully downwards.
Your enlightenment fades.
You constrict Ijyb. Ijyb misses you.
You hit Ijyb but do no damage.
Ijyb is lightly wounded.
You constrict Ijyb, but do no damage. You hit Ijyb but do no damage.
Ijyb is lightly wounded.
You constrict Ijyb. Ijyb hits you with a +0 dagger!
You hit Ijyb but do no damage.
Ijyb is lightly wounded.
You constrict Ijyb, but do no damage. Ijyb hits you with a +0 dagger.
* * * LOW HITPOINT WARNING * * *
It was a potion of invisibility.
You fade into invisibility!
You constrict Ijyb, but do no damage.
Ijyb zaps a wand.
The puff of flame hits you!
You die...

$># #.# #.#
#.# #.# #.#
#†##########
#...@gg.....
#<#########!
#.# #.# ...
#.# #.# #.#
#.#


You could see Ijyb (unable to see you) and a hobgoblin (unable to see you).

Vanquished Creatures
  Robin (D:2)
  A gnoll (D:1)
  2 worms (D:2)
  5 endoplasms
  2 giant cockroaches
  9 goblins
  10 hobgoblins
  A jackal (D:2)
  4 kobolds (D:1)
  5 quokkas
  2 ball pythons (D:1)
  A bat (D:1)
  3 frilled lizards
  3 rats (D:1)
49 creatures vanquished.

Notes
Turn   | Place    | Note
-------+----------+-------------------------------------------
     0 | D:1      | Ethylacetat the Octopode Gladiator began the quest for the
                  | Orb.
     0 | D:1      | Reached XP level 1. HP: 14/14 MP: 1/1
   105 | D:1      | Reached skill level 1 in Stealth
   105 | D:1      | Reached XP level 2. HP: 19/19 MP: 2/2
   330 | D:1      | Found Ompyff's Armour Shop.
   353 | D:1      | Reached XP level 3. HP: 24/25 MP: 3/3
   850 | D:2      | Noticed Robin
   864 | D:2      | Killed Robin
   865 | D:2      | Reached XP level 4. HP: 15/30 MP: 4/4
  1254 | D:2      | Reached skill level 1 in Shapeshifting
  1768 | D:3      | Noticed Ijyb
  1782 | D:3      | Killed from afar by Ijyb

Illustrated notes

Levels and vault maps discovered:
D:1:      spicycebolla_arrival_ecumenical, layout_loops_ring, serial_shops,
          shop, minmay_tromino_i4
D:2:      layout_basic, serial_glass, glass_columns_b, glass_columns_a,
          item_on_display_a, feat_on_display, st_stairs_3, chequers_jeans,
          nrook_mini_backslash, uniq_robin
D:3:      layout_basic, overflow_temple_1_default, uniq_ijyb, uniq_sigmund

Skill      XL: |  1  2  3  4 |
---------------+-------------+-----
Stealth        | 1 2 |  2.5
Shapeshifting  | 1 |  1.0
Fighting       | |  2.7
Long Blades    | |  3.4
Throwing       | |  2.0
Dodging        | |  3.5

Action                     |  1- 3 |  4- 6 || total
---------------------------+-------+-------++-------
  Melee: Long sword        |    44 |       ||    44
         Constrict         |    13 |    10 ||    23
         Tentacles         |     8 |     6 ||    14
         Dagger            |    24 |    35 ||    59
         Punch             |       |     1 ||     1
    Use: Potion            |       |     5 ||     5
   Stab: Sleeping          |     6 |     2 ||     8
         Distracted        |       |     2 ||     2
 Armour: Skin              |     5 |     2 ||     7
  Dodge: Dodged            |    55 |    10 ||    65

Table legend: (Time is in decaauts)
 A = Elapsed time spent in this place.
 B = Non-inter-level travel time spent in this place.
 C = Inter-level travel time spent in this place.
 D = Time resting spent in this place.
 E = Time spent auto-exploring this place.
 F = Levels seen in this place.
 G = Mean time per level.
                   A        B        C        D        E       F      G
               +--------+--------+--------+--------+--------+-----+--------+
         Total |   1777 |   1627 |    150 |      0 |   1351 |   3 |  592.3 |
       Dungeon |   1777 |   1627 |    150 |      0 |   1351 |   3 |  592.3 |
               +--------+--------+--------+--------+--------+-----+--------+

Top non-repeatable levels by time:
     D:2: 977 daAuts
     D:1: 788 daAuts
     D:3: 11 daAuts
